 Dungeon Crawl Stone Soup version 0.30-a0-1160-g6e42c06551 (webtiles) character file.

Game seed: 9481205520093798511

2434 DavidChitty2 the Cleaver (level 9, -17/75 (79) HPs)
             Began as a Hill Orc Fighter on Apr 25, 2023.
             Was a Believer of Beogh.
             Demolished by a two-headed ogre
             ... wielding a +0 giant spiked club
              (20 damage)
             ... on level 8 of the Dungeon.
             The game lasted 00:08:47 (6538 turns).

DavidChitty2 the Cleaver (Hill Orc Fighter)         Turns: 6538, Time: 00:08:48

HP:   -17/75 (79)   AC: 15    Str: 23    XL:     9   Next: 49%
MP:   10/13         EV:  6    Int:  8    God:    Beogh [**....]
Gold: 286           SH:  5    Dex: 10    Spells: 8/8 levels left

rFire   . . .        a - +1 war axe
rCold   . . .        c - +0 buckler
rNeg    . . .        s - +0 plate armour
rPois   .            (no helmet)
rElec   .            l - +1 cloak
rCorr   .            (no gloves)
SInv    .            (no boots)
Will    .....        h - amulet of faith {!P} Stlth
                     (no ring)
HPRegen 0.32/turn    (no ring)
MPRegen 0.13/turn

%: faith
@: drained
A: no striking features
a: Renounce Religion, Smiting


You were on level 8 of the Dungeon.
You worshipped Beogh.
Beogh was pleased with you.
You visited 1 branch of the dungeon, and saw 8 of its levels.

You collected 286 gold pieces.

Inventory:

Hand Weapons
 a - a +1 war axe (weapon)
 b - a +4 whip
   (You took it off a kobold on level 4 of the Dungeon)
Missiles
 e - 2 throwing nets (quivered) {!f}
Armour
 c - a +0 buckler (worn)
 l - a +1 cloak (worn)
   (You found it on level 1 of the Dungeon)
 s - a +0 plate armour (worn)
   (You found it on level 5 of the Dungeon)
Jewellery
 h - an amulet of faith (around neck) {!P}
   (You found it on level 1 of the Dungeon)
Wands
 j - a wand of polymorph (6)
   (You found it on level 4 of the Dungeon)
 t - a wand of flame (47)
   (You found it on level 4 of the Dungeon)
Scrolls
 f - a scroll of teleportation {@r4}
 o - 2 scrolls of identify {@r1}
 q - a scroll of enchant weapon
 r - 2 scrolls of blinking
 u - a scroll of fog
Potions
 d - 3 potions of might
 g - 2 potions of haste {@q3}
 i - a potion of lignification {!q}
 k - 2 potions of mutation {!q}
 m - 5 potions of curing {@q1}
 n - a potion of invisibility
 p - 2 potions of flight
 v - a potion of brilliance
 w - a potion of ambrosia


   Skills:
 + Level 7.1 Fighting
 * Level 10.1 Axes
 + Level 6.5 Armour
 + Level 6.6 Shields
 + Level 5.5 Invocations


You had 8 spell levels left.
You didn't know any spells.
Your spell library contained the following spells:

 Spells                   Type           Power      Damage    Failure   Level
 Beastly Appendage        Tmut           0%         N/A       100%        1
 Magic Dart               Conj           0%         1d3       100%        1
 Sandblast                Erth           0%         2d4       100%        1
 Slow                     Hex            0%         N/A       100%        1
 Blink                    Tloc           0%         N/A       100%        2
 Call Imp                 Summ           0%         N/A       100%        2
 Lesser Beckoning         Tloc           0%         N/A       100%        2
 Momentum Strike          Conj/Tloc      0%         3d8       100%        2
 Passwall                 Tmut/Erth      0%         N/A       100%        2
 Scorch                   Fire           0%         2d5       100%        2
 Wereblood                Tmut           0%         N/A       100%        2
 Call Canine Familiar     Summ           0%         N/A       100%        3
 Confusing Touch          Hex            0%         N/A       100%        3
 Inner Flame              Hex/Fire       0%         N/A       100%        3
 Mephitic Cloud           Conj/Pois/Air  0%         N/A       100%        3
 Portal Projectile        Hex/Tloc       0%         N/A       100%        3
 Spider Form              Tmut/Pois      0%         N/A       100%        3
 Stone Arrow              Conj/Erth      0%         3d7       100%        3
 Vampiric Draining        Necr           0%         2d6       100%        3
 Flame Wave               Conj/Fire      0%         2d4       100%        4
 Leda's Liquefaction      Hex/Erth       0%         N/A       100%        4
 Yara's Violent Unravell  Hex/Tmut       0%         3d3       100%        5
 Summon Cactus Giant      Summ           0%         N/A       100%        6
 Enfeeble                 Hex            0%         N/A       100%        7


Dungeon Overview and Level Annotations

Branches:
Dungeon (8/15)             Temple (0/1) D:5
   Lair: D:8-11

Altars:
Dithmenos
Nemelex Xobeh
Okawaru
Qazlal
Ru

Shops:
D:6 =   D:7 [


Message History

a +0 trident; a +0 robe You hit the wight.
The wight completely misses you.
You closely miss the wight. The wight hits you with a +2 halberd!
* * * LOW HITPOINT WARNING * * *
You feel drained.
* * * LOW HITPOINT WARNING * * *
You hit the wight. The wight hits you but does no damage.
You slash the wight!
You destroy the wight!
Beogh accepts your kill.
Things that are here:
a +2 halberd; a +0 robe
Things that are here:
a +0 trident; a +0 robe
Items here: ))))) [[[[[ †.
Okay, then.
You start resting.
Items here: ))))) [[[[[ †.
Things that are here:
a +0 trident; a +0 robe You see here a bullfrog skeleton.
Found 5 stones.
Found a metallic sapphire potion.
w - a metallic sapphire potion
As you read the scroll of identify {@r1}, it crumbles to dust.
w - a potion of ambrosia A two-headed ogre comes into view.
It is wielding a +0 giant spiked club and a +0 giant club.
The two-headed ogre shouts in stereo!
The two-headed ogre hits you but does no damage.
The two-headed ogre hits you with a +0 giant club.
You slash the two-headed ogre! You closely miss the two-headed ogre.
You block the two-headed ogre's attack.
The two-headed ogre hits you with a +0 giant club.
You slice the two-headed ogre!!
The two-headed ogre hits you but does no damage.
The two-headed ogre hits you with a +0 giant club!
You hit the two-headed ogre. You closely miss the two-headed ogre.
The two-headed ogre hits you with a +0 giant spiked club.
The two-headed ogre hits you with a +0 giant club!!
You slash the two-headed ogre!
The two-headed ogre hits you with a +0 giant spiked club!!
* * * LOW HITPOINT WARNING * * *
The two-headed ogre hits you with a +0 giant club!!
* * * LOW HITPOINT WARNING * * *
Smite: a two-headed ogre, wielding a +0 giant spiked club and a +0 giant club (severely wounded)
You smite the two-headed ogre!
The two-headed ogre completely misses you.
The two-headed ogre hits you with a +0 giant club!!
You die...

####.......#
#.#####.#
#.# #.# #.#
#.# #.# #.#
#.# #.###
#.# #...#
#.# #####.#
... #..O@.#
#.#####


You could see a two-headed ogre.

Vanquished Creatures
  A steam dragon (D:7)
  2 orc warriors
  3 sky beasts
  2 ice beasts
  An ogre (D:6)
  2 centaurs
  A phantom (D:5)
  3 bullfrogs
  A scorpion (D:4)
  8 wights
  2 jellies (D:4)
  An orc priest (D:7)
  A gnoll bouda (D:7)
  5 hounds
  A sleepcap (D:7)
  5 orc wizards
  7 adders
  9 gnolls
  A shadow imp (D:5)
  5 white imps
  A worm (D:2)
  2 dart slugs
  17 orcs
  6 endoplasms
  5 goblins
  8 hobgoblins
  3 jackals (D:3)
  4 quokkas
  7 ball pythons
  6 bats
  4 frilled lizards
  4 kobolds
  4 rats
132 creatures vanquished.

Vanquished Creatures (others)
  A dart slug (D:4)
  A quokka (D:4)
2 creatures vanquished.

Grand Total: 134 creatures vanquished

Notes
Turn   | Place    | Note
-------+----------+-------------------------------------------
     0 | D:1      | DavidChitty2 the Hill Orc Fighter began the quest for the
                  | Orb.
     0 | D:1      | Reached XP level 1. HP: 19/19 MP: 1/1
   167 | D:1      | Reached skill level 3 in Axes
   319 | D:1      | Reached XP level 2. HP: 27/27 MP: 2/2
  1028 | D:2      | Reached XP level 3. HP: 30/33 MP: 3/3
  1714 | D:3      | Reached skill level 4 in Axes
  1731 | D:3      | Reached XP level 4. HP: 40/40 MP: 4/4
  1958 | D:3      | Found a sacrificial altar of Ru.
  1958 | D:3      | Found a sparkling altar of Nemelex Xobeh.
  2109 | D:4      | Reached XP level 5. HP: 40/47 MP: 5/5
  2278 | D:4      | Reached skill level 5 in Axes
  2293 | D:4      | Found an iron altar of Okawaru.
  2356 | D:4      | Reached XP level 6. HP: 27/53 MP: 6/6
  2437 | D:4      | Became a worshipper of Beogh the Brigand
  2813 | D:5      | Entered Level 5 of the Dungeon
  3003 | D:5      | Reached skill level 5 in Fighting
  3003 | D:5      | Reached skill level 6 in Axes
  3003 | D:5      | Reached skill level 1 in Invocations
  3431 | D:5      | Found a staircase to the Ecumenical Temple.
  3440 | D:5      | Reached XP level 7. HP: 51/61 MP: 6/8
  3912 | D:6      | Reached skill level 7 in Axes
  3912 | D:6      | Reached skill level 5 in Shields
  3957 | D:6      | Reached * piety under Beogh
  3958 | D:6      | Reached skill level 5 in Armour
  4105 | D:6      | Reached XP level 8. HP: 37/70 MP: 10/10
  4413 | D:6      | Found Diteass Ybra's Jewellery Emporium.
  4459 | D:6      | Reached skill level 8 in Axes
  4969 | D:7      | Found a shadowy altar of Dithmenos.
  5156 | D:7      | Found Douvag's Armour Shoppe.
  5605 | D:7      | Reached skill level 9 in Axes
  5624 | D:7      | Reached XP level 9. HP: 51/78 MP: 12/12
  5917 | D:7      | Reached skill level 5 in Invocations
  6140 | D:7      | Found a stormy altar of Qazlal.
  6280 | D:8      | Reached ** piety under Beogh
  6293 | D:8      | Reached skill level 10 in Axes
  6530 | D:8      | Noticed a two-headed ogre
  6537 | D:8      | HP: 2/75 [two-headed ogre/+0 giant spiked club (21)]
  6538 | D:8      | Demolished by a two-headed ogre

Illustrated notes

Levels and vault maps discovered:
D:1:      mrwooster_arrival_statue_3, layout_loops_ring
D:2:      layout_loops_ring
D:3:      layout_basic, gammafunk_temple_overflow_wave
D:4:      layout_gridville, okawaru_gym_becter, st_stairs_10
D:5:      layout_basic, minmay_temple_entry_offerings
D:6:      layout_basic, serial_shops, nicolae_shop_peninsula,
          nicolae_fountain_basement
D:7:      layout_basic, kennysheep_little_box, nicolae_dithmenos_the_darkroom,
          serial_shops, shop
D:8:      layout_basic, kennysheep_just_a_vault

Skill      XL: |  1  2  3  4  5  6  7  8  9 |
---------------+----------------------------+-----
Axes           | 3 4 5 6 7 9 10 | 10.1
Fighting       | 4 5 6 7 |  7.1
Armour         | 4 5 6 |  6.5
Shields        | 4 5 6 |  6.6
Invocations    | 1 3 4 5 |  5.5

Action                     |  1- 3 |  4- 6 |  7- 9 || total
---------------------------+-------+-------+-------++-------
  Melee: War axe           |    98 |   130 |   268 ||   496
 Invoke: Convert to Beogh  |       |     1 |       ||     1
         Smiting           |       |       |     1 ||     1
    Use: Scroll            |       |    16 |     5 ||    21
         Potion            |       |       |     1 ||     1
 Armour: Scale mail        |    55 |    79 |       ||   134
         Plate armour      |       |     8 |   169 ||   177
  Dodge: Dodged            |    48 |    50 |    85 ||   183
  Block: Buckler           |    21 |    25 |    62 ||   108

Table legend: (Time is in decaauts)
 A = Elapsed time spent in this place.
 B = Non-inter-level travel time spent in this place.
 C = Inter-level travel time spent in this place.
 D = Time resting spent in this place.
 E = Time spent auto-exploring this place.
 F = Levels seen in this place.
 G = Mean time per level.
                   A        B        C        D        E       F      G
               +--------+--------+--------+--------+--------+-----+--------+
         Total |   6636 |   6369 |    267 |    602 |   4503 |   8 |  829.5 |
       Dungeon |   6636 |   6369 |    267 |    602 |   4503 |   8 |  829.5 |
               +--------+--------+--------+--------+--------+-----+--------+

Top non-repeatable levels by time:
     D:7: 1308 daAuts
     D:6: 1216 daAuts
     D:5: 931 daAuts
     D:3: 802 daAuts
     D:1: 774 daAuts
     D:4: 748 daAuts
     D:2: 550 daAuts
     D:8: 302 daAuts
